 Dungeon Crawl Stone Soup version 0.21-a0-122-g43b3ea6 (webtiles) character file.

7772 Lianjan the Cleaver (level 11, -1/87 HPs)
             Began as a Minotaur Fighter on July 13, 2017.
             Was an Elder of Ru.
             Slain by Snorg (10 damage)
             ... on level 10 of the Dungeon.
             The game lasted 00:22:03 (10848 turns).

Lianjan the Cleaver (Minotaur Fighter)             Turns: 10848, Time: 00:22:03

Health: -1/87      AC: 11    Str: 22    XL:     11   Next: 1%
Magic:  0/14       EV:  6    Int:  8    God:    Ru [****..]
Gold:   520        SH:  0    Dex: 11    Spells: 10/10 levels left

rFire    . . .     SeeInvis .   b - +0 broad axe (chop)
rCold    . . .     Gourm    .   (no shield)
rNeg     . . .     Faith    .   y - +0 plate armour
rPois    .         Spirit   +   (helmet restricted)
rElec    .         Reflect  .   h - +0 cloak
rCorr    .         Harm     .   Q - +0 pair of gloves
MR       .....                  (no boots)
Stlth    ..........             s - amulet of guardian spirit
HPRegen  0.64/turn              (no ring)
MPRegen  0.14/turn              (no ring)

@: lethally poisoned (-1 -> -2)
A: retaliatory headbutt, horns 2, clever 1, deformed body, frail 1, regeneration
1, wild magic 1, inexperienced 1
a: Draw Out Power, Power Leap, Renounce Religion


You were on level 10 of the Dungeon.
You worshipped Ru.
Ru was greatly pleased with you.
You were not hungry.

You visited 1 branch of the dungeon, and saw 10 of its levels.

You collected 520 gold pieces.

Inventory:

Hand Weapons
 a - a +2 executioner's axe of draining
 b - a +0 broad axe of chopping (weapon)
 R - a +0 blowgun
Missiles
 m - 273 stones (quivered)
 r - 17 tomahawks
 F - 8 javelins
 H - 2 throwing nets
 M - 5 exploding tomahawks
 N - 3 needles of paralysis
Armour
 h - a +0 cloak (worn)
 y - a +0 plate armour (worn)
 Q - a +0 pair of gloves (worn)
Jewellery
 s - an amulet of guardian spirit (around neck)
 B - an uncursed ring of ice
 U - an uncursed amulet of magic regeneration {unknown}
Wands
 c - a wand of acid (7/15)
 e - a wand of enslavement (11/24)
 o - a wand of paralysis (7/24)
 p - a wand of enslavement (9/24)
 q - a wand of paralysis (12/24)
 J - a wand of digging (13/24)
 K - a wand of flame (42/48)
 L - a wand of flame (16/48)
 T - a wand of acid (7/15)
Scrolls
 n - 2 scrolls of magic mapping
 u - a scroll of fear
 v - a scroll of amnesia
 w - 3 scrolls of teleportation
 A - 2 scrolls of remove curse
 D - a scroll of immolation
 E - a scroll of recharging
 I - a scroll of fog {unknown}
 P - 2 scrolls of holy word {unknown}
 S - a scroll of summoning {unknown}
Potions
 d - 3 potions of heal wounds
 g - 6 potions of curing
 i - a potion of agility
 k - a potion of haste
 l - a potion of resistance
 x - 2 potions of ambrosia
 C - 3 potions of degeneration
Books
 O - a book of Necromancy

   Spells                             Type                      Level
   a - Pain                           Necromancy                   1
   b - Animate Skeleton               Necromancy                   1
   c - Vampiric Draining              Necromancy                   3
   d - Regeneration                   Charms/Necromancy            3
   e - Animate Dead                   Necromancy                   4
   f - Control Undead                 Necromancy                   4
Comestibles
 f - 8 bread rations
 j - 11 fruits
 t - 8 royal jellies
 z - 4 meat rations
 G - 14 chunks of flesh


   Skills:
 + Level 9.3 Fighting
 * Level 13.9 Axes
 + Level 5.5 Throwing
 + Level 7.6 Armour
   Level 3.6 Shields
 + Level 5.5 Evocations


You had 10 spell levels left.
You didn't know any spells.

Dungeon Overview and Level Annotations

Branches:
Dungeon (10/15)            Temple (0/1) D:7            Lair (0/6) D:9
    Orc (0/2) D:10

Altars:
Gozag
Qazlal
Ru
Zin

Shops:
D:2 *   D:5 *   D:9 *

Annotations:
D:10 Snorg


Innate Abilities, Weirdness & Mutations

You reflexively headbutt those who attack you in melee.
You have a pair of horns on your head.
You are frail. (-10% HP)
You are somewhat inexperienced. (-2 XL)
Your mind is acute. (Int +2)
Armour fits poorly on your strangely shaped body.
Your natural rate of healing is unusually fast.
Your spells are a little harder to cast, but a little more powerful.


Message History

You slash Snorg! You headbutt Snorg!
Snorg is severely wounded.
You slash the worker ant!
You kill the worker ant!
You feel sick.
Snorg is stunned by your will and fails to attack.
Some of the chunks of flesh in your inventory have rotted away.
You slash Snorg! You headbutt Snorg!
Snorg is almost dead.
Snorg bites you. Snorg barely misses you. Snorg claws you.
You slash Snorg! Your headbutt misses Snorg.
Snorg is almost dead.
You feel sick. Snorg bites you!
* * * LOW HITPOINT WARNING * * *
Snorg claws you but does no damage. Snorg claws you!
* * * LOW HITPOINT WARNING * * *
Snorg bites you!
* * * LOW HITPOINT WARNING * * *
Snorg claws you!
You die...

.........########...........#
.........# #...........#
.........# ########'####
.........# ######..#
#######.## #.(....## #..#
####'###### #.## #...........
#.# #........... ##.#
#.@)........
#..########.T†........
####.........+...........
##....#########...........
.>.##.# #........... ####..#
#.......... ##..##
#.......... #..## #.........
#.##


You could see Snorg (berserk).

Vanquished Creatures
  The ghost of mandarbmax the Spear-Bearer, a novice MfSk of Cheibriados (D:9)
  Sonja (D:10)
  An ugly thing (D:9)
  Joseph (D:9)
  Maurice (D:10)
  Psyche (D:8)
  A gargoyle (D:10)
  A hippogriff (D:8)
  Sigmund (D:2)
  3 wyverns
  A yak (D:9)
  4 hogs (D:8)
  A human (D:8)
  2 hungry ghosts
  Menkaure (D:6)
  2 porcupines (D:9)
  2 water moccasins
  3 orc warriors
  4 sky beasts
  A phantom (D:9)
  2 black bears (D:8)
  An ice beast (D:10)
  3 centaurs
  3 ogres
  2 crocodiles
  2 bullfrogs
  A wyvern zombie (D:10)
  A gnoll sergeant (D:7)
  3 scorpions
  3 wights (D:9)
  2 howler monkeys (D:9)
  An electric eel (D:7)
  4 crimson imps
  A centaur zombie (D:8)
  A bullfrog zombie (D:9)
  2 hounds
  2 jellies
  4 orc wizards
  2 orc priests (D:6)
  Crazy Yiuf (D:2)
  A bullfrog skeleton (D:9)
  A centaur skeleton (D:5)
  An iguana (D:8)
  9 worker ants
  2 hound zombies
  13 gnolls
  12 adders
  2 shadow imps (D:5)
  An adder skeleton (D:5)
  3 worms
  2 dart slugs
  5 leopard geckos
  29 orcs
  4 giant cockroaches
  8 goblins
  4 hobgoblins
  10 jackals
  2 quokkas
  5 bats
  9 frilled lizards
  8 kobolds
  2 quokka skeletons
  8 rats
  A fungus (D:9)
  A plant (D:9)
217 creatures vanquished.

Vanquished Creatures (collateral kills)
  An orc priest (D:9)
  A leopard gecko (D:9)
  An orc (D:9)
  A plant (D:9)
4 creatures vanquished.

Vanquished Creatures (others)
  7 fungi (D:9)
  5 plants (D:9)
12 creatures vanquished.

Grand Total: 233 creatures vanquished

Notes
Turn   | Place    | Note
-------+----------+-------------------------------------------
     0 | D:1      | Lianjan the Minotaur Fighter began the quest for the Orb.
     0 | D:1      | Reached XP level 1. HP: 19/19 MP: 0/0
   140 | D:1      | Reached skill level 3 in Axes
   448 | D:1      | Reached XP level 2. HP: 25/26 MP: 1/1
   711 | D:2      | Reached skill level 4 in Axes
   803 | D:2      | Noticed Sigmund
   820 | D:2      | Killed Sigmund
   820 | D:2      | Reached skill level 6 in Axes
   820 | D:2      | Reached XP level 3. HP: 12/31 MP: 2/2
   820 | D:2      | Reached XP level 4. HP: 16/39 MP: 3/3
   820 | D:2      | Reached XP level 5. HP: 18/45 MP: 4/4
   994 | D:2      | Found a sacrificial altar of Ru.
   998 | D:2      | Became a worshipper of Ru the Awakened
  1001 | D:2      | Reached skill level 7 in Axes
  1048 | D:2      | Found a faded altar of an unknown god.
  1100 | D:2      | Found Zin's Purification Station.
  1104 | D:2      | Found a glowing silver altar of Zin.
  1240 | D:2      | Found an opulent altar of Gozag.
  1375 | D:2      | Found a runed door.
  1455 | D:2      | Noticed Crazy Yiuf
  1461 | D:2      | Killed Crazy Yiuf
  2228 | D:3      | Reached XP level 6. HP: 51/51 MP: 5/5
  2298 | D:3      | Found a stormy altar of Qazlal.
  2571 | D:3      | Gained mutation: You are frail. (-10% HP) [Ru sacrifice]
  2571 | D:3      | Reached * piety under Ru
  2571 | D:3      | Reached ** piety under Ru
  2911 | D:4      | Reached skill level 8 in Axes
  3414 | D:5      | Entered Level 5 of the Dungeon
  3553 | D:5      | Noticed a sky beast
  3559 | D:5      | Killed a sky beast
  3559 | D:5      | Reached skill level 9 in Axes
  3559 | D:5      | Reached XP level 7. HP: 41/54 MP: 3/6
  3587 | D:5      | Found Maxkox's General Store.
  3628 | D:5      | Reached skill level 5 in Fighting
  4307 | D:6      | Reached skill level 10 in Axes
  4361 | D:6      | Noticed Menkaure
  4366 | D:6      | Killed Menkaure
  4431 | D:6      | Reached XP level 8. HP: 42/63 MP: 4/7
  4742 | D:6      | Gained mutation: You are somewhat inexperienced. (-2 XL) [Ru sacrifice]
  4742 | D:6      | Reached XP level 7. HP: 56/56 MP: 6/6
  4742 | D:6      | Reached XP level 6. HP: 51/51 MP: 5/5
  4742 | D:6      | Reached *** piety under Ru
  4742 | D:6      | Reached **** piety under Ru
  4942 | D:6      | Reached skill level 1 in Evocations
  4975 | D:6      | Noticed a sky beast
  4982 | D:6      | Killed a sky beast
  4982 | D:6      | Reached XP level 7. HP: 32/57 MP: 3/7
  5283 | D:6      | Found a sacrificial altar of Ru.
  5750 | D:7      | Found a staircase to the Ecumenical Temple.
  5763 | D:7      | Reached skill level 11 in Axes
  6734 | D:8      | Reached skill level 1 in Throwing
  6758 | D:8      | Reached XP level 8. HP: 25/65 MP: 5/8
  7592 | D:8      | Noticed a hippogriff
  7597 | D:8      | Killed a hippogriff
  7699 | D:8      | Noticed Psyche
  7722 | D:8      | Killed Psyche
  7722 | D:8      | Reached skill level 12 in Axes
  7722 | D:8      | Reached skill level 5 in Armour
  7722 | D:8      | Reached XP level 9. HP: 72/72 MP: 8/10
  8079 | D:9      | Found Diruf's Desiderata Depot.
  8639 | D:9      | Found a staircase to the Lair.
  9081 | D:9      | Noticed mandarbmax's ghost (novice MfSk)
  9437 | D:8      | Identified a scroll of acquirement
  9444 | D:9      | Gained mutation: Your mind is acute. (Int +2) [potion of mutation]
  9444 | D:9      | Gained mutation: Your body sometimes deteriorates upon taking damage. [potion of mutation]
  9444 | D:9      | Gained mutation: You occasionally shout uncontrollably at your foes. [potion of mutation]
  9444 | D:9      | Gained mutation: You evolve. [potion of mutation]
  9481 | D:9      | Killed mandarbmax's ghost
  9481 | D:9      | Reached skill level 13 in Axes
  9481 | D:9      | Reached XP level 10. HP: 27/81 MP: 4/12
 10130 | D:9      | Noticed a brown ugly thing
 10137 | D:9      | Killed a brown ugly thing
 10169 | D:9      | Reached skill level 5 in Evocations
 10336 | D:9      | Noticed Joseph
 10358 | D:9      | Killed Joseph
 10371 | D:9      | Lost mutation: Your body sometimes deteriorates upon taking damage. [potion of mutation]
 10371 | D:9      | Lost mutation: You occasionally shout uncontrollably at your foes. [potion of mutation]
 10371 | D:9      | Lost mutation: You evolve. [potion of mutation]
 10371 | D:9      | Gained mutation: Your spells are a little harder to cast, but a little more powerful. [potion of mutation]
 10371 | D:9      | Gained mutation: Armour fits poorly on your strangely shaped body. [potion of mutation]
 10371 | D:9      | Gained mutation: Your natural rate of healing is unusually fast. [potion of mutation]
 10516 | D:10     | Entered Level 10 of the Dungeon
 10521 | D:10     | Reached skill level 5 in Throwing
 10558 | D:10     | Found a staircase to the Orcish Mines.
 10749 | D:10     | Noticed a gargoyle
 10753 | D:10     | Killed a gargoyle
 10832 | D:10     | Noticed Sonja
 10834 | D:10     | Noticed Snorg
 10834 | D:10     | Noticed Maurice
 10839 | D:10     | Killed Sonja
 10844 | D:10     | Killed Maurice
 10844 | D:10     | Reached XP level 11. HP: 61/87 MP: 11/14
 10848 | D:10     | Slain by Snorg

Vault maps used:
D:1:      minmay_arrival_solitary_statue
D:2:      zin_purify, lemuel_doored_altar, nicolae_gozag_seed_capital,
          chequers_ecumenical_altar_simple_redux, first_bread,
          minmay_misc_feat_iff, hangedman_decor_growths, minmay_distorted,
          uniq_crazy_yiuf_cottage, uniq_sigmund
D:3:      nicolae_qazlal_general_emergency, minmay_liquid_box
D:5:      serial_shops, shop, hangedman_abyss_or_decor_stagger
D:6:      nicolae_ru_great_annihilating_truth, uniq_menkaure
D:7:      corexii_shack_village, temple_fountains, nicolae_water_bricks
D:8:      grunt_livestock, uniq_psyche
D:9:      grunt_lair_entry_orc_guard_hut, nicolae_alphabet_shops, uniq_joseph
D:10:     orc_0_dummy, uniq_sonja, uniq_snorg, uniq_maurice

Skill      XL: |  1  2  3  4  5  6  7  8  9 10 |
---------------+-------------------------------+-----
Axes           | 3 6 7 9 11 12 13 | 13.9
Fighting       | 4 7 6 8 9 |  9.3
Evocations     | 1 2 3 4 5 |  5.5
Throwing       | 1 3 4 5 |  5.5
Armour         | 4 5 6 7 |  7.6
Shields        | |  3.6

Action                   |  1- 3 |  4- 6 |  7- 9 | 10-12 || total
-------------------------+-------+-------+-------+-------++-------
Melee: War axe           |    57 |   167 |   271 |       ||   495
       Headbutt          |     5 |    22 |    53 |    24 ||   104
       Broad axe         |       |       |    48 |   122 ||   170
       Executioner's axe |       |       |    33 |     3 ||    36
Throw: Stone             |       |     1 |       |       ||     1
Invok: Sacrifice Health  |       |     1 |       |       ||     1
       Sacrifice Experie |       |     1 |       |       ||     1
       Draw Out Power    |       |       |     2 |       ||     2
       Reject Sacrifices |       |       |     1 |       ||     1
Evoke: Wand              |       |       |     3 |     2 ||     5
  Use: Potion            |     1 |       |     5 |     1 ||     7
       Scroll            |       |       |    17 |       ||    17
 Stab: Invisible         |       |       |     7 |     4 ||    11
       Paralysed         |       |       |     2 |     5 ||     7
  Eat: Chunk             |       |     9 |    18 |     2 ||    29
       Meat ration       |       |       |     1 |       ||     1
Armor: Scale mail        |    24 |    45 |    32 |       ||   101
       Chain mail        |       |    25 |    23 |       ||    48
       Plate armour      |       |       |   104 |    64 ||   168
       Skin              |       |       |    30 |       ||    30
Dodge: Dodged            |    26 |    66 |   101 |    42 ||   235
Block: Shield            |     2 |       |       |       ||     2
